cohdb
Replays
Latest Replays
All Replays
Popular Replays
Top Player Replays
Match Explorer
How It Works
Community
CoH3 Stats
Reddit
Sign in to upload your games and track your stats! →
Sign in with Steam
hold the line until cav arrive
Match 24864750
Overview
Messages
Build Orders
End
Construct Barracks
Selects Advanced Infantry Battlegroup
Riflemen Squad
Riflemen Squad
M1 Mortar Team
Infantry Support Center
Riflemen Squad
Selects Convert to Ranger Squad
Construct Medical Station
Convert to Ranger Squad
Construct Weapon Support Center
Selects Designate Assault Position
Advanced Logistics
Selects Infantry Assault
Infantry Assault
Bazooka Squad
Convert to Ranger Squad
Designate Assault Position
Bazooka Squad
Improved M9 Bazooka Rockets
Selects Ammunition Storage
Construct Tank Depot
Selects M2A1 105mm Howitzer Emplacement
Convert to Ranger Squad
Infantry Assault
M18 Hellcat Tank Destroyer
Infantry Assault
Engineer Squad
M18 Hellcat Tank Destroyer
Infantry Assault
1st SubStar
smallNhii
JohnS
aSIIDemolitionHammer
0
0
Comments
sign in to comment!
No comments posted yet!